SAAA
PORT ROYAL DISASTER @ TORTOLITA DRUMMERS
09/15/2020
 
TOP OF THE 1ST
Port Royal Disaster batting - Pitching for Tortolita Drummers : RHP Fernando González
Pitching: RHP Fernando González
Batting: LHB Chris Whiteside 0-0: Called Strike
0-1: Called Strike
0-2: Ball
1-2: Ball
2-2: Ground out 3-1 (Groundball, 3)
Batting: LHB Nelson Sanders 0-0: Ball
1-0: Ball
2-0: Fly out, F7 (Popup, 78S)
Batting: RHB Toshitsugu Sakamoto 0-0: Ball
1-0: Ball
2-0: Ball
3-0: Base on Balls
Batting: RHB Michael Riley 0-0: SINGLE (Line Drive, 78S)
Toshitsugu Sakamoto to second
Batting: RHB Clement Fields 0-0: Foul Ball, location: 2F
0-1: Foul Ball, location: 2F
0-2: Ball
1-2: Fielders Choice at 2nd, U6 (Groundball, 6M)
Top of the 1st over - 0 run(s), 1 hit(s), 0 error(s), 2 left on base; Port Royal 0 - Tortolita 0
BOTTOM OF THE 1ST
Tortolita Drummers batting - Pitching for Port Royal Disaster : RHP Chad Porter
Pitching: RHP Chad Porter
Batting: RHB Dan Lewis 0-0: Called Strike
0-1: Ball
1-1: Called Strike
1-2: Strikes out swinging
Batting: RHB Lonnie Conrad 0-0: Ball
1-0: Ball
2-0: Foul Ball, location: 2F
2-1: Foul Ball, location: 2F
2-2: Foul Ball, location: 2F
2-2: Strikes out swinging
Batting: LHB Keith Spear 0-0: Swinging Strike
0-1: SINGLE (Line Drive, 8LS)
Batting: LHB Pat McJannett 0-0: Ball
1-0: Ball
2-0: Ball
3-0: Base on Balls
Keith Spear to second
Batting: SHB Yosuke Kiyomizu 0-0: Foul Ball, location: 2F
0-1: Ball
1-1: Ball
2-1: Ball
3-1: Called Strike
3-2: Foul Ball, location: 2F
3-2: Strikes out swinging
Bottom of the 1st over - 0 run(s), 1 hit(s), 0 error(s), 2 left on base; Port Royal 0 - Tortolita 0
TOP OF THE 2ND
Port Royal Disaster batting - Pitching for Tortolita Drummers : RHP Fernando González
Batting: SHB Tim Moss 0-0: Called Strike
0-1: Called Strike
0-2: Foul Ball, location: 2F
0-2: Ball
1-2: Ball
2-2: Ground out U3 (Groundball, 3)
Batting: LHB Keith McKnight 0-0: SINGLE (Groundball, 34D)
Batting: RHB Wayne Rose 0-0: Ball
1-0: Grounds into double play, 6-4-3 (Groundball, 6)
Top of the 2nd over - 0 run(s), 1 hit(s), 0 error(s), 0 left on base; Port Royal 0 - Tortolita 0
BOTTOM OF THE 2ND
Tortolita Drummers batting - Pitching for Port Royal Disaster : RHP Chad Porter
Batting: RHB Jim Harris 0-0: Ball
1-0: Foul Ball, location: 2F
1-1: SINGLE (Groundball, 15) (infield hit)
Batting: LHB Gonzalo Féliz 0-0: Called Strike
0-1: Fly out, F9 (Line Drive, 9M)
Batting: RHB Ray Whittier 0-0: Called Strike
Jim Harris is caught stealing 2nd base
0-1: Foul Ball, location: 2F
0-2: SINGLE (Flyball, 8RS)
Batting: RHB Ron Humboldt 0-0: Called Strike
0-1: Called Strike
Ray Whittier steals 2nd base
0-2: Ball
1-2: Fly out, F8 (Line Drive, 8LM)
Bottom of the 2nd over - 0 run(s), 2 hit(s), 0 error(s), 1 left on base; Port Royal 0 - Tortolita 0
TOP OF THE 3RD
Port Royal Disaster batting - Pitching for Tortolita Drummers : RHP Fernando González
Batting: SHB Bob Rogers 0-0: Fly out, F9 (Flyball, 9LM)
Batting: LHB Chris Whiteside 0-0: Ball
1-0: Ball
2-0: Swinging Strike
2-1: Ball
3-1: Called Strike
3-2: Strikes out swinging
Batting: LHB Nelson Sanders 0-0: Called Strike
0-1: Foul Ball, location: 2F
0-2: Ball
1-2: Foul Ball, location: 2F
1-2: DOUBLE (Line Drive, 3L)
Batting: RHB Toshitsugu Sakamoto 0-0: Called Strike
0-1: Swinging Strike
0-2: DOUBLE (Groundball, 5L)
Nelson Sanders scores
Batting: RHB Michael Riley 0-0: SINGLE (Groundball, 23) (infield hit)
Toshitsugu Sakamoto to third
Batting: RHB Clement Fields 0-0: Fly out, F8 (Flyball, 8LD)
Top of the 3rd over - 1 run(s), 3 hit(s), 0 error(s), 2 left on base; Port Royal 1 - Tortolita 0
BOTTOM OF THE 3RD
Tortolita Drummers batting - Pitching for Port Royal Disaster : RHP Chad Porter
Batting: RHB Dan Lewis 0-0: Ball
1-0: Foul Ball, location: 2F
1-1: Foul Ball, location: 2F
1-2: Ball
2-2: Ball
3-2: SINGLE (Groundball, 56D)
Batting: RHB Lonnie Conrad 0-0: Called Strike
Dan Lewis steals 2nd base
0-1: Ball
1-1: Ball
2-1: Swinging Strike
2-2: Fly out, F3 (Popup, 3SF)
Batting: LHB Keith Spear 0-0: SINGLE (Groundball, 34D)
Dan Lewis to third
Runner from 3rd tries for Home, SAFE, no throw or cutoff
Batting: LHB Pat McJannett 0-0: Called Strike
0-1: Ball
1-1: Ball
2-1: Fly out, F6 (Popup, 6MD)
Batting: SHB Yosuke Kiyomizu 0-0: Ball
1-0: 2-RUN HOME RUN (Flyball, 8RXD), Distance : 431 ft
Batting: RHB Jim Harris 0-0: Ball
1-0: Called Strike
1-1: Foul Ball, location: 2F
1-2: Fly out, F8 (Flyball, 8RM)
Bottom of the 3rd over - 3 run(s), 3 hit(s), 0 error(s), 0 left on base; Port Royal 1 - Tortolita 3
TOP OF THE 4TH
Port Royal Disaster batting - Pitching for Tortolita Drummers : RHP Fernando González
Batting: SHB Tim Moss 0-0: Ball
1-0: SINGLE (Groundball, 34D)
Batting: LHB Keith McKnight 0-0: Ball
1-0: Called Strike
1-1: Called Strike
1-2: Ball
Passed Ball!
Tim Moss to second
2-2: Ball
3-2: Fly out, F8 (Flyball, 8RM)
Batting: RHB Wayne Rose 0-0: Ball
1-0: DOUBLE (Line Drive, 7D)
Tim Moss scores
Batting: SHB Bob Rogers 0-0: Called Strike
0-1: Called Strike
0-2: Ball
1-2: Foul Ball, location: 2F
1-2: Ball
2-2: SINGLE (Line Drive, 6D)
Wayne Rose to third
Batting: LHB Chris Whiteside 0-0: Ball
1-0: Foul Ball, location: 2F
1-1: Ball
2-1: Swinging Strike
2-2: Foul Ball, location: 2F
2-2: Strikes out swinging
Batting: LHB Nelson Sanders 0-0: Foul Ball, location: 2F
0-1: SINGLE (Line Drive, 5L)
Wayne Rose scores
Bob Rogers to second
Batting: RHB Toshitsugu Sakamoto 0-0: Ball
1-0: Ball
2-0: Fly out, F7 (Flyball, 7LSF)
Top of the 4th over - 2 run(s), 4 hit(s), 0 error(s), 2 left on base; Port Royal 3 - Tortolita 3
BOTTOM OF THE 4TH
Tortolita Drummers batting - Pitching for Port Royal Disaster : RHP Chad Porter
Batting: LHB Gonzalo Féliz 0-0: Ball
1-0: Fly out, F6 (Popup, 5)
Batting: RHB Ray Whittier 0-0: Called Strike
0-1: Called Strike
0-2: Ball
1-2: Foul Ball, location: 2F
1-2: Strikes out looking
Batting: RHB Ron Humboldt 0-0: Foul Ball, location: 2F
0-1: Ball
1-1: Ball
2-1: Foul Ball, location: 2F
2-2: Strikes out swinging
Bottom of the 4th over - 0 run(s), 0 hit(s), 0 error(s), 0 left on base; Port Royal 3 - Tortolita 3
TOP OF THE 5TH
Port Royal Disaster batting - Pitching for Tortolita Drummers : RHP Fernando González
Batting: RHB Michael Riley 0-0: Called Strike
0-1: Ball
1-1: Foul Ball, location: 2F
1-2: Ball
2-2: Ball
3-2: Foul Ball, location: 2F
3-2: Base on Balls
Batting: RHB Clement Fields 0-0: Grounds into double play, 4-6-3 (Groundball, 4)
Batting: SHB Tim Moss 0-0: Called Strike
0-1: Foul Ball, location: 2F
0-2: Strikes out swinging
Top of the 5th over - 0 run(s), 0 hit(s), 0 error(s), 0 left on base; Port Royal 3 - Tortolita 3
BOTTOM OF THE 5TH
Tortolita Drummers batting - Pitching for Port Royal Disaster : RHP Chad Porter
Batting: RHB Dan Lewis 0-0: Called Strike
0-1: Fly out, F8 (Flyball, 8RD)
Batting: RHB Lonnie Conrad 0-0: Ball
1-0: Ball
2-0: Ball
3-0: Fly out, F8 (Flyball, 8LS)
Batting: LHB Keith Spear 0-0: Ball
1-0: Foul Ball, location: 2F
1-1: Ball
2-1: Ball
3-1: Base on Balls
Batting: LHB Pat McJannett 0-0: Foul Ball, location: 2F
0-1: Ball
1-1: Ball
2-1: Called Strike
2-2: Fly out, F9 (Flyball, 89D)
Bottom of the 5th over - 0 run(s), 0 hit(s), 0 error(s), 1 left on base; Port Royal 3 - Tortolita 3
TOP OF THE 6TH
Port Royal Disaster batting - Pitching for Tortolita Drummers : RHP Fernando González
Batting: LHB Keith McKnight 0-0: Ball
1-0: Ball
2-0: Called Strike
2-1: SINGLE (Groundball, 56D)
Batting: RHB Wayne Rose 0-0: Ball
1-0: Foul Ball, location: 2F
1-1: Foul Ball, location: 2F
1-2: Ball
2-2: Ball
3-2: Grounds into double play, 4-6-3 (Groundball, 4)
Batting: SHB Bob Rogers 0-0: Fly out, F6 (Line Drive, 6M)
Top of the 6th over - 0 run(s), 1 hit(s), 0 error(s), 0 left on base; Port Royal 3 - Tortolita 3
BOTTOM OF THE 6TH
Tortolita Drummers batting - Pitching for Port Royal Disaster : RHP Chad Porter
Batting: SHB Yosuke Kiyomizu 0-0: Ball
1-0: Ball
2-0: Ground out U3 (Groundball, 3L)
Batting: RHB Jim Harris 0-0: Ball
1-0: Ball
2-0: Called Strike
2-1: Swinging Strike
2-2: Strikes out swinging
Batting: LHB Gonzalo Féliz 0-0: Ground out 1-3 (Groundball, 13S)
Bottom of the 6th over - 0 run(s), 0 hit(s), 0 error(s), 0 left on base; Port Royal 3 - Tortolita 3
TOP OF THE 7TH
Port Royal Disaster batting - Pitching for Tortolita Drummers : RHP Fernando González
Batting: LHB Chris Whiteside 0-0: Swinging Strike
0-1: Ball
1-1: Ball
2-1: SINGLE (Line Drive, 6MD)
Batting: LHB Nelson Sanders 0-0: Called Strike
Chris Whiteside steals 2nd base
0-1: Fly out, F5 (Popup, 5F)
Batting: RHB Toshitsugu Sakamoto 0-0: Ball
1-0: SINGLE (Flyball, 8LS)
Chris Whiteside to third
Runner from 3rd tries for Home, SAFE, no throw or cutoff
Batting: RHB Michael Riley 0-0: Swinging Strike
0-1: Ball
1-1: Swinging Strike
1-2: SINGLE (Groundball, 25) (infield hit)
Toshitsugu Sakamoto to second
Pinch Hitting: RHB Mike Green 0-0: Called Strike
0-1: Ball
1-1: Grounds into double play, 5-4-3 (Groundball, 56)
Top of the 7th over - 1 run(s), 3 hit(s), 0 error(s), 1 left on base; Port Royal 4 - Tortolita 3
BOTTOM OF THE 7TH
Tortolita Drummers batting - Pitching for Port Royal Disaster : RHP Chad Porter
Now at 3B: Mike Green
Batting: RHB Ray Whittier 0-0: Ball
1-0: Foul Ball, location: 2F
1-1: Ball
2-1: Foul Ball, location: 2F
2-2: Foul Ball, location: 2F
2-2: Ball
3-2: Foul Ball, location: 2F
3-2: Base on Balls
Pitching: RHP Clyde Bowman
Batting: RHB Ron Humboldt 0-0: Ball
1-0: Ball
2-0: Sac Bunt - play at first, batter OUT! 1-4
Ray Whittier to second
Pinch Hitting: LHB Jesse Taylor 0-0: Ball
1-0: Fly out, F8 (Flyball, 8LM)
Batting: RHB Lonnie Conrad 0-0: Called Strike
0-1: Swinging Strike
0-2: SINGLE (Flyball, 8RS) - OUT at second base trying to stretch hit.
Ray Whittier scores
Bottom of the 7th over - 1 run(s), 1 hit(s), 0 error(s), 0 left on base; Port Royal 4 - Tortolita 4
TOP OF THE 8TH
Port Royal Disaster batting - Pitching for Tortolita Drummers : RHP Fernando González
Now at 2B: David Cross
Pinch Hitting: RHB Stu Shaw 0-0: Fly out, F4 (Popup, 9LS)
Batting: LHB Keith McKnight 0-0: Fly out, F9 (Flyball, 89XD)
Batting: RHB Wayne Rose 0-0: Ball
1-0: Ground out 1-3 (Groundball, 13)
Top of the 8th over - 0 run(s), 0 hit(s), 0 error(s), 0 left on base; Port Royal 4 - Tortolita 4
BOTTOM OF THE 8TH
Tortolita Drummers batting - Pitching for Port Royal Disaster : RHP Clyde Bowman
Now at 3B: Stu Shaw
Batting: LHB Keith Spear 0-0: Ball
1-0: Called Strike
1-1: Foul Ball, location: 2F
1-2: Strikes out looking
Batting: LHB Pat McJannett 0-0: Ball
1-0: Ball
2-0: Ball
3-0: Base on Balls
Batting: SHB Yosuke Kiyomizu 0-0: Called Strike
0-1: Ball
1-1: Foul Ball, location: 2F
1-2: Ball
Wild Pitch!
Pat McJannett to second
2-2: Ball
3-2: Intentional Walk
Batting: RHB Jim Harris 0-0: Called Strike
0-1: Fielders Choice at 2nd, 5-4 (Groundball, 56)
Pat McJannett to third
Batting: LHB Gonzalo Féliz 0-0: Called Strike
0-1: Ball
1-1: Called Strike
1-2: Ball
2-2: Ball
3-2: Foul Ball, location: 2F
3-2: Base on Balls
Jim Harris to second
Batting: RHB Ray Whittier 0-0: Ball
1-0: Ball
2-0: Ball
3-0: Base on Balls
Pat McJannett scores
Jim Harris to third
Gonzalo Féliz to second
Pinch Hitting: RHB Robert Bailey 0-0: Called Strike
0-1: Ball
1-1: Ball
Wild Pitch!
Jim Harris scores
Gonzalo Féliz to third
Ray Whittier to second
2-1: Called Strike
2-2: Ball
3-2: Foul Ball, location: 2F
3-2: Base on Balls
Batting: LHB David Cross 0-0: Called Strike
0-1: Fly out, F6 (Popup, 6MD)
Bottom of the 8th over - 2 run(s), 0 hit(s), 0 error(s), 3 left on base; Port Royal 4 - Tortolita 6
TOP OF THE 9TH
Port Royal Disaster batting - Pitching for Tortolita Drummers : RHP Fernando González
Now at 3B: Hunter Curtis
Batting: SHB Bob Rogers 0-0: Ball
1-0: Foul Ball, location: 2F
1-1: Called Strike
1-2: Ball
2-2: Ground out U3 (Groundball, 3L)
Batting: LHB Chris Whiteside 0-0: Fly out, F9 (Flyball, 89D)
Batting: LHB Nelson Sanders 0-0: Ball
1-0: Foul Ball, location: 2F
1-1: SINGLE (Line Drive, 7S)
Pitching: LHP Parker Cooke
Batting: RHB Toshitsugu Sakamoto 0-0: Called Strike
0-1: Ball
1-1: Ball
2-1: Ball
3-1: Base on Balls
Nelson Sanders to second
Batting: RHB Michael Riley 0-0: Ball
1-0: Ball
2-0: Ball
3-0: Swinging Strike
3-1: Base on Balls
Nelson Sanders to third
Toshitsugu Sakamoto to second
Batting: RHB Mike Green 0-0: Ball
1-0: Swinging Strike
1-1: Ball
2-1: Swinging Strike
2-2: Ball
3-2: Base on Balls
Nelson Sanders scores
Toshitsugu Sakamoto to third
Michael Riley to second
Batting: RHB Stu Shaw 0-0: Called Strike
0-1: Foul Ball, location: 2F
0-2: Ball
1-2: Foul Ball, location: 2F
1-2: Ball
2-2: Fly out, F4 (Popup, 4MD)
Top of the 9th over - 1 run(s), 1 hit(s), 0 error(s), 3 left on base; Port Royal 5 - Tortolita 6
This league is powered by Out of the Park Baseball, the baseball management simulation game for PC, Mac and Linux
Friday, October 23rd, 2015 - OOTP Baseball 16.9 Build 39